NCAA
KANSAS JAYHAWKS @ OKLAHOMA STATE COWBOYS
05/14/2025
 
TOP OF THE 1ST
Kansas Jayhawks batting - Pitching for Oklahoma State Cowboys : RHP Carl Garrison
Pitching: RHP Carl Garrison
Batting: RHB Henry Morris 0-0: Ball
1-0: Ground out 1-3 (Groundball, 13S)
Batting: RHB John Stevens 0-0: Foul Ball, location: 2F
0-1: Ball
1-1: Ball
2-1: Ball
3-1: SINGLE (Flyball, 9S)
Batting: SHB Rudy Ryan 0-0: Foul Ball, location: 2F
0-1: Called Strike
0-2: Foul Ball, location: 2F
0-2: Fly out, F8 (Flyball, 8RM)
Batting: RHB Bill Wallace 0-0: Called Strike
0-1: Fielders Choice at 2nd, 5-4 (Groundball, 56)
Top of the 1st over - 0 run(s), 1 hit(s), 0 error(s), 0 left on base; Kansas 0 - Oklahoma State 0
BOTTOM OF THE 1ST
Oklahoma State Cowboys batting - Pitching for Kansas Jayhawks : RHP Lawrence Bolton
Pitching: RHP Lawrence Bolton
Batting: RHB Henry Jackson 0-0: Bunted foul
0-1: Swinging Strike
0-2: Strikes out swinging
Batting: RHB David Alonso 0-0: Ball
1-0: Ball
2-0: Ball
3-0: Base on Balls
Batting: RHB Mark Hart 0-0: Called Strike
0-1: Foul Ball, location: 2F
0-2: Ball
Passed Ball!
David Alonso to second
1-2: Ball
2-2: Ball
3-2: Strikes out swinging
Batting: SHB John Hill 0-0: Called Strike
0-1: SINGLE (Groundball, 34)
David Alonso to third
Runner from 3rd tries for Home, SAFE, no throw or cutoff
Batting: RHB Jack Bradley 0-0: Ball
1-0: Fielders Choice at 2nd, 6-4 (Groundball, 6)
Bottom of the 1st over - 1 run(s), 1 hit(s), 0 error(s), 0 left on base; Kansas 0 - Oklahoma State 1
TOP OF THE 2ND
Kansas Jayhawks batting - Pitching for Oklahoma State Cowboys : RHP Carl Garrison
Batting: LHB Victor Stuart 0-0: Ground out 6-3 (Groundball, 6)
Batting: LHB Glen Miller 0-0: Foul Ball, location: 2F
0-1: Foul Ball, location: 2F
0-2: Foul Ball, location: 2F
0-2: Ball
1-2: Foul Ball, location: 2F
1-2: Foul Ball, location: 2F
1-2: Strikes out looking
Batting: RHB Kyle Baylor 0-0: Called Strike
0-1: Foul Ball, location: 2F
0-2: Foul Ball, location: 2F
0-2: Foul Ball, location: 2F
0-2: Ball
1-2: Ball
2-2: Strikes out swinging
Top of the 2nd over - 0 run(s), 0 hit(s), 0 error(s), 0 left on base; Kansas 0 - Oklahoma State 1
BOTTOM OF THE 2ND
Oklahoma State Cowboys batting - Pitching for Kansas Jayhawks : RHP Lawrence Bolton
Batting: LHB Dudley Cooper 0-0: Ball
1-0: Ball
2-0: Ball
3-0: Called Strike
3-1: Swinging Strike
3-2: Foul Ball, location: 2F
3-2: Foul Ball, location: 2F
3-2: Base on Balls
Batting: RHB John Lynch 0-0: Called Strike
0-1: Ball
1-1: Ball
2-1: Ball
3-1: Base on Balls
Dudley Cooper to second
Batting: RHB Ernest Scott 0-0: Ground out 5-3 (Groundball, 5S)
Dudley Cooper to third
John Lynch to second
Batting: LHB Marc Nash 0-0: Ball
1-0: Ball
2-0: SINGLE (Line Drive, 7S)
Dudley Cooper scores
John Lynch to third
Batting: RHB Henry Jackson 0-0: Ball
1-0: Ball
2-0: Ball
3-0: Base on Balls
Marc Nash to second
Batting: RHB David Alonso 0-0: SINGLE (Groundball, 6MD)
John Lynch scores
Marc Nash to third
Henry Jackson to second
Runner from 3rd tries for Home, SAFE, throw made home
Henry Jackson to third
David Alonso to second
Batting: RHB Mark Hart 0-0: Ball
1-0: Called Strike
1-1: Ball
2-1: Called Strike
2-2: Strikes out swinging
Batting: SHB John Hill 0-0: Called Strike
0-1: Fly out, F9 (Flyball, 89M)
Bottom of the 2nd over - 3 run(s), 2 hit(s), 0 error(s), 2 left on base; Kansas 0 - Oklahoma State 4
TOP OF THE 3RD
Kansas Jayhawks batting - Pitching for Oklahoma State Cowboys : RHP Carl Garrison
Batting: RHB Nicholas Harris 0-0: Ball
1-0: Ball
2-0: Ball
3-0: Base on Balls
Batting: RHB Ricardo Ruíz 0-0: Ball
1-0: Swinging Strike
1-1: Called Strike
1-2: Ball
2-2: Ball
3-2: Strikes out swinging
Batting: RHB Henry Morris 0-0: Called Strike
0-1: Foul Ball, location: 2F
0-2: Foul Ball, location: 2F
0-2: Ball
1-2: SINGLE (Groundball, 13) (infield hit)
Nicholas Harris to second
Batting: RHB John Stevens 0-0: Ball
1-0: Ground out 4-3 (Groundball, 4M)
Nicholas Harris to third
Henry Morris to second
Batting: SHB Rudy Ryan 0-0: Called Strike
0-1: Swinging Strike
0-2: Strikes out looking
Top of the 3rd over - 0 run(s), 1 hit(s), 0 error(s), 2 left on base; Kansas 0 - Oklahoma State 4
BOTTOM OF THE 3RD
Oklahoma State Cowboys batting - Pitching for Kansas Jayhawks : RHP Lawrence Bolton
Batting: RHB Jack Bradley 0-0: Ground out 5-3 (Groundball, 5L)
Batting: LHB Dudley Cooper 0-0: Ball
1-0: Ball
2-0: Ball
3-0: Called Strike
3-1: Base on Balls
Batting: RHB John Lynch 0-0: Fly out, F6 (Popup, 6M)
Batting: RHB Ernest Scott 0-0: Foul Ball, location: 2F
0-1: Called Strike
0-2: Ball
Wild Pitch!
Dudley Cooper to second
1-2: SINGLE (Groundball, 34D)
Dudley Cooper to third
Runner from 3rd tries for Home, SAFE, no throw or cutoff
Batting: LHB Marc Nash 0-0: Called Strike
0-1: Ball
1-1: Foul Ball, location: 2F
1-2: Strikes out swinging
Bottom of the 3rd over - 1 run(s), 1 hit(s), 0 error(s), 1 left on base; Kansas 0 - Oklahoma State 5
TOP OF THE 4TH
Kansas Jayhawks batting - Pitching for Oklahoma State Cowboys : RHP Carl Garrison
Batting: RHB Bill Wallace 0-0: Called Strike
0-1: Ball
1-1: SINGLE (Line Drive, 9S)
Batting: LHB Victor Stuart 0-0: Called Strike
0-1: Foul Ball, location: 2F
0-2: Strikes out swinging
Batting: LHB Glen Miller 0-0: Ball
1-0: SINGLE (Groundball, 34D)
Bill Wallace to second
Runner from 2nd tries for 3rd, SAFE, throw made to third
Batting: RHB Kyle Baylor 0-0: Called Strike
0-1: Ball
1-1: Foul Ball, location: 2F
1-2: Ball
2-2: Foul Ball, location: 2F
2-2: Fly out, F7 (Flyball, 78M)
Runner from 3rd tags up, SCORES, throw made
Batting: RHB Nicholas Harris 0-0: Ball
1-0: Ball
2-0: 2-RUN HOME RUN (Flyball, 78XD), Distance : 388 ft
Batting: RHB Ricardo Ruíz 0-0: Ball
1-0: Called Strike
1-1: Foul Ball, location: 2F
1-2: Ball
2-2: Ball
3-2: Ground out 6-3 (Groundball, 6)
Top of the 4th over - 3 run(s), 3 hit(s), 0 error(s), 0 left on base; Kansas 3 - Oklahoma State 5
BOTTOM OF THE 4TH
Oklahoma State Cowboys batting - Pitching for Kansas Jayhawks : RHP Lawrence Bolton
Batting: RHB Henry Jackson 0-0: Ball
1-0: Ball
2-0: Ground out 2-3 (Groundball, 2L)
Batting: RHB David Alonso 0-0: Ball
1-0: Ground out 5-3 (Groundball, 5L)
Batting: RHB Mark Hart 0-0: Ball
1-0: Foul Ball, location: 2F
1-1: Swinging Strike
1-2: Ball
2-2: Ball
3-2: SINGLE (Groundball, 56D) (infield hit)
Batting: SHB John Hill 0-0: Ball
1-0: Called Strike
1-1: Ball
2-1: Ball
3-1: Called Strike
3-2: Strikes out swinging
Bottom of the 4th over - 0 run(s), 1 hit(s), 0 error(s), 1 left on base; Kansas 3 - Oklahoma State 5
TOP OF THE 5TH
Kansas Jayhawks batting - Pitching for Oklahoma State Cowboys : RHP Carl Garrison
Batting: RHB Henry Morris 0-0: Foul Ball, location: 2F
0-1: Fly out, F7 (Flyball, 78M)
Batting: RHB John Stevens 0-0: Ball
1-0: Foul Ball, location: 2F
1-1: Swinging Strike
1-2: Strikes out swinging
Batting: SHB Rudy Ryan 0-0: Ball
1-0: Ball
2-0: Ball
3-0: Called Strike
3-1: Called Strike
3-2: Base on Balls
Pitching: LHP Andy Thomas
Batting: RHB Bill Wallace 0-0: Ball
1-0: Ball
2-0: Called Strike
2-1: Foul Ball, location: 2F
2-2: Foul Ball, location: 2F
2-2: Ball
Rudy Ryan steals 2nd base
3-2: Strikes out looking
Top of the 5th over - 0 run(s), 0 hit(s), 0 error(s), 1 left on base; Kansas 3 - Oklahoma State 5
BOTTOM OF THE 5TH
Oklahoma State Cowboys batting - Pitching for Kansas Jayhawks : RHP Lawrence Bolton
Batting: RHB Jack Bradley 0-0: Ball
1-0: Swinging Strike
1-1: Foul Ball, location: 2F
1-2: Strikes out swinging
Pitching: LHP Jake Long
Batting: LHB Dudley Cooper 0-0: Ball
1-0: Called Strike
1-1: Ground out 4-3 (Groundball, 4)
Batting: RHB John Lynch 0-0: Called Strike
0-1: Ball
1-1: Swinging Strike
1-2: Foul Ball, location: 2F
1-2: Foul Ball, location: 2F
1-2: Ball
2-2: Ball
3-2: Strikes out swinging
Bottom of the 5th over - 0 run(s), 0 hit(s), 0 error(s), 0 left on base; Kansas 3 - Oklahoma State 5
TOP OF THE 6TH
Kansas Jayhawks batting - Pitching for Oklahoma State Cowboys : LHP Andy Thomas
Batting: LHB Victor Stuart 0-0: Foul Ball, location: 2F
0-1: Ball
1-1: Ball
2-1: SOLO HOME RUN (Line Drive, 9D), Distance : 356 ft
Batting: LHB Glen Miller 0-0: DOUBLE (Line Drive, 89M)
Batting: RHB Kyle Baylor 0-0: Swinging Strike
0-1: Ball
1-1: SINGLE (Line Drive, 89S)
Glen Miller to third
Runner from 3rd tries for Home, SAFE, throw made home
Kyle Baylor to second
Batting: RHB Nicholas Harris 0-0: Swinging Strike
0-1: Ball
1-1: Ball
2-1: Ball
3-1: Foul Ball, location: 2F
3-2: Strikes out swinging
Batting: RHB Ricardo Ruíz 0-0: Called Strike
Kyle Baylor steals 3rd base
0-1: Fly out, F9 (Flyball, 9LS)
Batting: RHB Henry Morris 0-0: Ball
1-0: Called Strike
1-1: Ball
2-1: Ball
3-1: Fly out, F8 (Flyball, 8RM)
Top of the 6th over - 2 run(s), 3 hit(s), 0 error(s), 1 left on base; Kansas 5 - Oklahoma State 5
BOTTOM OF THE 6TH
Oklahoma State Cowboys batting - Pitching for Kansas Jayhawks : LHP Jake Long
Batting: RHB Ernest Scott 0-0: Ball
1-0: Ball
2-0: Called Strike
2-1: Foul Ball, location: 2F
2-2: SINGLE (Flyball, 6MD)
Batting: LHB Marc Nash 0-0: Called Strike
0-1: Ball
1-1: Ball
2-1: Foul Ball, location: 2F
2-2: Strikes out swinging
Batting: RHB Henry Jackson 0-0: Called Strike
0-1: SINGLE (Groundball, 3D)
Ernest Scott to second
Throwing error, E9
Ernest Scott scores
Henry Jackson to second
Batting: RHB David Alonso 0-0: Called Strike
Henry Jackson steals 3rd base
0-1: Ball
1-1: SINGLE (Line Drive, 6D)
Henry Jackson scores
Batting: RHB Mark Hart 0-0: SINGLE (Groundball, 6MD) (infield hit)
David Alonso to second
Batting: SHB John Hill 0-0: Swinging Strike
0-1: Fielders Choice at 2nd, 5-4 (Groundball, 56)
David Alonso to third
Batting: RHB Jack Bradley 0-0: Reached on error, E6 (Groundball, 6)
David Alonso scores
John Hill to second
Batting: LHB Dudley Cooper 0-0: Ball
1-0: SINGLE (Line Drive, 4)
John Hill to third
Jack Bradley to second
Runner from 3rd tries for Home, SAFE, no throw or cutoff
Pitching: RHP Gabriel Rodríguez
Batting: RHB John Lynch 0-0: Swinging Strike
0-1: Ball
1-1: Called Strike
1-2: SINGLE (Groundball, 56D)
Jack Bradley to third
Dudley Cooper to second
Runner from 3rd tries for Home, SAFE, no throw or cutoff
Batting: RHB Ernest Scott 0-0: Ground out 4-3 (Groundball, 34)
Bottom of the 6th over - 5 run(s), 6 hit(s), 2 error(s), 2 left on base; Kansas 5 - Oklahoma State 10
TOP OF THE 7TH
Kansas Jayhawks batting - Pitching for Oklahoma State Cowboys : LHP Andy Thomas
Batting: RHB John Stevens 0-0: Ball
1-0: Ball
2-0: Ball
3-0: Called Strike
3-1: Foul Ball, location: 2F
3-2: Strikes out swinging
Batting: SHB Rudy Ryan 0-0: Called Strike
0-1: Ball
1-1: Ball
2-1: Swinging Strike
2-2: Strikes out looking
Pitching: RHP Kevin Godfrey
Batting: RHB Bill Wallace 0-0: Ball
1-0: Ball
2-0: Fly out, F8 (Flyball, 8RM)
Top of the 7th over - 0 run(s), 0 hit(s), 0 error(s), 0 left on base; Kansas 5 - Oklahoma State 10
BOTTOM OF THE 7TH
Oklahoma State Cowboys batting - Pitching for Kansas Jayhawks : RHP Gabriel Rodríguez
Batting: LHB Marc Nash 0-0: Ball
1-0: Foul Ball, location: 2F
1-1: Foul Ball, location: 2F
1-2: Foul Ball, location: 2F
1-2: Ball
2-2: Ball
3-2: Base on Balls
Batting: RHB Henry Jackson 0-0: Sac Bunt - play at first, batter OUT! 3-4
Marc Nash to second
Batting: RHB David Alonso 0-0: Ball
1-0: Ball
2-0: Ball
3-0: Base on Balls
Batting: RHB Mark Hart 0-0: Swinging Strike
0-1: Foul Ball, location: 2F
0-2: Strikes out swinging
Batting: SHB John Hill 0-0: Fly out, F2 (Popup, 2RF)
Bottom of the 7th over - 0 run(s), 0 hit(s), 0 error(s), 2 left on base; Kansas 5 - Oklahoma State 10
TOP OF THE 8TH
Kansas Jayhawks batting - Pitching for Oklahoma State Cowboys : RHP Kevin Godfrey
Batting: LHB Victor Stuart 0-0: Ball
1-0: Foul Ball, location: 2F
1-1: Foul Ball, location: 2F
1-2: Strikes out swinging
Batting: LHB Glen Miller 0-0: Swinging Strike
0-1: Ground out 4-3 (Groundball, 4)
Batting: RHB Kyle Baylor 0-0: Fly out, F8 (Flyball, 8RXD)
Top of the 8th over - 0 run(s), 0 hit(s), 0 error(s), 0 left on base; Kansas 5 - Oklahoma State 10
BOTTOM OF THE 8TH
Oklahoma State Cowboys batting - Pitching for Kansas Jayhawks : RHP Gabriel Rodríguez
Batting: RHB Jack Bradley 0-0: Hit by Pitch
Batting: LHB Dudley Cooper 0-0: Sac Bunt - play at first, batter OUT! 4-3
Jack Bradley to second
Batting: RHB John Lynch 0-0: Called Strike
0-1: Fly out, F8 (Flyball, 89S)
Batting: RHB Ernest Scott 0-0: Ball
1-0: Ball
2-0: Called Strike
2-1: SINGLE (Groundball, 5D)
Jack Bradley to third
Runner from 3rd tries for Home, SAFE, no throw or cutoff
Batting: LHB Marc Nash 0-0: Called Strike
0-1: Ball
1-1: Reached on error, E3 (Groundball, 3)
Ernest Scott to second
Batting: RHB Henry Jackson 0-0: Ground out 5-3 (Groundball, 5L)
Bottom of the 8th over - 1 run(s), 1 hit(s), 1 error(s), 2 left on base; Kansas 5 - Oklahoma State 11
TOP OF THE 9TH
Kansas Jayhawks batting - Pitching for Oklahoma State Cowboys : RHP Kevin Godfrey
Batting: RHB Nicholas Harris 0-0: Ball
1-0: Fly out, F8 (Flyball, 8LS)
Batting: RHB Ricardo Ruíz 0-0: Called Strike
0-1: SOLO HOME RUN (Flyball, 8LXD), Distance : 392 ft
Pitching: RHP Ron Owen
Batting: RHB Henry Morris 0-0: Called Strike
0-1: Swinging Strike
0-2: Strikes out swinging
Batting: RHB John Stevens 0-0: Foul Ball, location: 2F
0-1: Ball
1-1: Foul Ball, location: 2F
1-2: Foul Ball, location: 2F
1-2: Ball
2-2: Foul Ball, location: 2F
2-2: SINGLE (Groundball, 56D)
Batting: SHB Rudy Ryan 0-0: SINGLE (Groundball, 34D)
John Stevens to second
Runner from 2nd tries for 3rd, SAFE, throw made to third
Batting: RHB Bill Wallace 0-0: Foul Ball, location: 2F
0-1: Foul Ball, location: 2F
0-2: Ball
1-2: SINGLE (Line Drive, 6M)
John Stevens scores
Rudy Ryan to second
Batting: LHB Victor Stuart 0-0: Called Strike
0-1: Swinging Strike
0-2: Ball
1-2: Ball
2-2: Ball
3-2: Base on Balls
Rudy Ryan to third
Bill Wallace to second
Batting: LHB Glen Miller 0-0: Fly out, F8 (Flyball, 8RM)
Top of the 9th over - 2 run(s), 4 hit(s), 0 error(s), 3 left on base; Kansas 7 - Oklahoma State 11
This league is powered by Out of the Park Baseball, the baseball management simulation game for PC, Mac and Linux
Tuesday, August 2nd, 2016 - OOTP Baseball 16.8 Build 38